[Event "*** SCC Grand Prix: Titled Tuesday Blitz"]
[Site "Chess.com"]
[Date "2020.06.09"]
[Round "8"]
[White "fm24601"]
[Black "ljuks68"]
[Result "0-1"]
[WhiteElo "2523"]
[BlackElo "2358"]
[TimeControl "180+1"]
[EndTime "10:36:32 PDT"]
[Termination "ljuks68 won on time"]

1. e4 e6 2. d4 d5 3. Nd2 Nf6 4. e5 Nfd7 5. Bd3 c5 6. c3 Nc6 7. Ngf3 Qb6 8. O-O Be7 9. a3 cxd4 10.
cxd4 Nxd4 11. Nxd4 Qxd4 12. Nf3 Qb6 13. Qa4 O-O 14.
Qg4 f5 15. Qg3 Nc5 16. Bc2 Ne4 17. Bxe4 dxe4 18. Nd2 Bd7 19. b4 Bb5 20. Re1 Bd3 21. Nb3 Rac8 22. Bh6 Rf7 23. Be3 Qb5 24. Nc5 Bxc5 25.
Bxc5 b6 26. Be3 Rfc7 27. h4 Kh8 28. h5 h6 29. Bf4 Qd7 30. a4 Qf7 31. Qh3 Rc2 32.
a5 b5 33. Qh4 Be2 34. Rac1 a6 35. Rxc2 Rxc2 36. Qd8+ Kh7 37. Qd6 Bc4 38. Qxa6 Qxh5 39. Qb6 Qg4 40. Qe3 Rb2 41. a6 Rb3 42. a7 Rxe3 43. fxe3 Bd5 44. Ra1 g5 45. Rc1 gxf4 46. Rc7+ Kg6 0-1

[Event "*** SCC Grand Prix: Titled Tuesday Blitz"]
[Site "Chess.com"]
[Date "2020.06.09"]
[Round "8"]
[White "volcanoexplorer"]
[Black "FrogMist"]
[Result "0-1"]
[WhiteElo "2529"]
[BlackElo "2388"]
[TimeControl "180+1"]
[EndTime "10:36:33 PDT"]
[Termination "FrogMist won by resignation"]

1. c4 Nf6 2. Nc3 e6 3. Nf3 d5 4. d4 Bb4 5. e3 O-O 6. Bd3 b6 7. O-O Ba6 8. Ne5 c5 9. cxd5 exd5 10. a3 Bxc3 11. bxc3 Qc8 12. a4 Ne4 13. c4 cxd4 14. cxd5 Bxd3 15. Qxd3 Qc3 16. Qxc3 Nxc3 17. Ba3 Re8 18.
exd4 Nxd5 19. Rac1 f6 20. Nf3 Nf4 21. Rc7 Na6 22.
Rd7 Rad8 23. Rxa7 Ra8 24. Rxa8 Rxa8 25. g3 Ne2+ 26. Kg2 Nc7 27. Bd6 Nd5 28. Ra1 g5 29.
h3 Kf7 30. Kf1 Nec3 31. h4 h6 32. hxg5 hxg5 33. Nd2 Rxa4 34. Rxa4 Nxa4 35. Ke2 Ke6 36. Ba3 b5 37. Kd3 b4 38. Bc1 Nab6 39. Nb3 g4 40. Bd2 f5 41. Nc5+ Kd6 42. Na6 b3 43. Nc5 b2 44.
Kc2 Nc4 45. Be1 Nf6 46. Nd3 Kd5 47. Bc3 Ke4 48. Nxb2 Nxb2 49. Kxb2 Kf3 50. Ba5 Kxf2 51.
Bc7 Ke3 52. Be5 Ne4 53. d5 Nc5 54. d6 Nd3+ 55. Kb3 Nxe5 56. Kb4 Kf3 57. Kc5 Kxg3 58.
Kd5 Kf4 59. Ke6 g3 60. Kf6 g2 61. Ke6 g1=Q 62. Kf6 Qg6+ 63. Ke7 Nc6+ 64. Kd7 Ke5 65. Kxc6 Qxd6+ 66. Kb7 Kd5 67. Ka8 Qd7 0-1

[Event "*** SCC Grand Prix: Titled Tuesday Blitz"]
[Site "Chess.com"]
[Date "2020.06.09"]
[Round "8"]
[White "FontVella8"]
[Black "Pintacara"]
[Result "0-1"]
[WhiteElo "2425"]
[BlackElo "2347"]
[TimeControl "180+1"]
[EndTime "10:36:34 PDT"]
[Termination "Pintacara won by resignation"]

1. e4 c5 2. Nf3 e6 3. d4 cxd4 4. Nxd4 a6 5. Bd3 Qc7 6. O-O Nf6 7. Nc3 d6 8. Kh1 Nbd7 9. f4 b5 10. a3 Bb7 11. Qe2 Be7 12. Bd2 h5 13. Rae1 g6 14.
e5 dxe5 15. fxe5 Ng4 16. Rxf7 Ndxe5 17. Nxe6 Qd6 18. Rxe7+ Qxe7 19. Nf4 Qh4 20. Qxe5+ Nxe5 21. Rxe5+ Kd7 22. Nxg6 Qf2 23. Re7+ Kd8 24. Rxb7 Qxd2 25. h3 Re8 26. Kh2 h4 27. Nd5 Qf2 28. Nge7 Qg3+ 29.
Kg1 Rxe7 30. Nxe7 Qe3+ 31. Kh2 Qxe7 32. Rxe7 Kxe7 33. g3 hxg3+ 34. Kxg3 Kf6 35. Kf4 Rb8 36. Ke4 Ke6 37. Kd4 Kd6 38. Bf5 a5 39. b4 a4 40. Bd3 Kc6 41. h4 Rd8+ 42. Ke5 Rh8 43. Be4+ Kb6 44. Bd3 Rh5+ 45. Kd6 Rxh4 46. Kd5 Rxb4 47.
axb4 a3 48. Bc4 bxc4 49. Kxc4 a2 50. Kb3 a1=Q 51. c4 Qd4 52. Ka3 Qxc4 53. Ka4 Qb5+ 54. Ka3 Kc6 55. Kb3 Kd5 56. Kc3 Ke5 0-1

[Event "*** SCC Grand Prix: Titled Tuesday Blitz"]
[Site "Chess.com"]
[Date "2020.06.09"]
[Round "8"]
[White "FMalexhdez"]
[Black "Pavel_Mir"]
[Result "1-0"]
[WhiteElo "2129"]
[BlackElo "2287"]
[TimeControl "180+1"]
[EndTime "10:36:34 PDT"]
[Termination "FMalexhdez won by checkmate"]

1. e4 e5 2. Nf3 Nc6 3. Bc4 Bc5 4.
O-O Nf6 5. d3 d6 6. c3 a6 7. Bb3 O-O 8. Nbd2 Ne7 9. Re1 Ng6 10. Nf1 h6 11. d4 Bb6 12. h3 c6 13. Ng3 Re8 14. dxe5 dxe5 15. Be3 Bxe3 16. Rxe3 Qc7 17. Nf5 Bxf5 18. exf5 Nf4 19. Qe1 e4 20.
Nd2 Qe5 21. Bc2 N4d5 22. Re2 e3 23. fxe3 Nxe3 24. Nc4 Nxc2 25. Nxe5 Nxe1 26. Raxe1 Rad8 27. Kf2 Rd5 28. g4 h5 29. Kf3 hxg4+ 30. hxg4 Red8 31.
g5 Nh7 32. g6 fxg6 33. fxg6 Ng5+ 34. Kg4 Ne6 35. Nxc6 Rg5+ 36. Kh4 bxc6 37. Rxe6 Rf5 38. Re8+ Rf8 39. Rxd8 Rxd8 40. Re6 Rc8 41. Kg5 Kf8 42.
Kf5 a5 43. Ke5 Rb8 44. b3 a4 45. bxa4 Ra8 46. Rxc6 Rxa4 47. Rc8+ Ke7 48. Rc7+ Kf8 49.
Rf7+ Kg8 50. Kd5 Rxa2 51. Re7 Kf8 52. Re6 Ra5+ 53. Kd4 Rf5 54. c4 Rf6 55. Rxf6+ gxf6 56. Ke4 Kg7 57. Kf5 Kh6 58. Kxf6 Kh5 59. g7 Kh6 60. g8=Q Kh5 61. Qg5# 1-0

[Event "*** SCC Grand Prix: Titled Tuesday Blitz"]
[Site "Chess.com"]
[Date "2020.06.09"]
[Round "8"]
[White "Sanan_Sjugirov"]
[Black "Indianlad"]
[Result "1/2-1/2"]
[WhiteElo "2785"]
[BlackElo "2980"]
[TimeControl "180+1"]
[EndTime "10:36:38 PDT"]
[Termination "Game drawn by agreement"]

1. e4 e5 2. Nf3 Nc6 3. Bb5 Nf6 4. d3 Bc5 5. c3 d5 6. Nbd2 O-O 7. O-O dxe4 8. dxe4 a5 9. h3 h6 10. Re1 Qe7 11. Nf1 Bxf2+ 12. Kxf2 Qc5+ 13. Be3 Qxb5 14. Qc2 Be6 15. b3 a4 16. c4 Nb4 17. Qe2 Qc6 18. Kg1 axb3 19. axb3 Rxa1 20. Rxa1 Qxe4 21. Ra7 Nc6 22. N1d2 Qg6 23. Rxb7 Rc8 24. Kh2 Qh5 25. Kg1 e4 26. Nd4 Nxd4 27. Qxh5 Nxh5 28. Bxd4 f5 29. Be5 c5 30. Nf1 f4 31. g4 fxg3 32.
Nxg3 Nxg3 33. Rxg7+ Kf8 34. Rxg3 Ke7 35. Rg7+ Bf7 36.
Bf4 Kf6 37. Rg3 h5 38. Be3 Rg8 39. Rxg8 Bxg8 40. Bxc5 Be6 41. h4 Bg4 42. Bd4+ Ke6 43. Kf2 Bd1 44. b4 Bb3 45. c5 Kd5 46. Bc3 Ba4 47. Ke3 Bb5 48. Be1 Bd3 49. Kf4 Kc6 50.
Kg5 Be2 51. Kf5 Bd3 52. Ke5 Bc2 53. Kd4 Bd3 54. Ke3 Bc2 55. Bd2 Bd3 56. Kf4 Bc2 57. Kg5 Bd1 58. Kf5 Bc2 59. Be3 Bd3 60. Kg6 Be2 1/2-1/2

[Event "*** SCC Grand Prix: Titled Tuesday Blitz"]
[Site "Chess.com"]
[Date "2020.06.09"]
[Round "8"]
[White "Shushik"]
[Black "Boudicca64"]
[Result "1-0"]
[WhiteElo "2170"]
[BlackElo "1825"]
[TimeControl "180+1"]
[EndTime "10:36:40 PDT"]
[Termination "Shushik won on time"]

1. e4 c5 2. Nf3 e6 3. d4 cxd4 4.
Nxd4 a6 5. Nc3 g6 6. Be3 Bg7 7.
Be2 Nc6 8. Qd2 Nge7 9. O-O-O d5 10. f3 dxe4 11. fxe4 O-O 12. h4 Nxd4 13. Bxd4 Bxd4 14. Qxd4 Qxd4 15. Rxd4 Nc6 16. Rd6 e5 17. Bc4 Kg7 18.
h5 f5 19. hxg6 hxg6 20. Nd5 fxe4 21. Nb6 Rb8 22. Nxc8 Rbxc8 23. Rd7+ Kf6 24. Rxb7 Nd4 25. b3 e3 26. c3 Nf5 27. Rf1 Kg5 28. Rb6 Ng3 29.
Re1 Kf4 30. Rxg6 Rh8 31. Rf6+ Ke4 32. Kc2 Rh2 33. Bd3+ Kd5 34. Rxe3 Rxg2+ 35. Kb1 e4 36. Bc4+ Ke5 37. Rg6 Rd8 38. Re1 Rdd2 39. b4 Rb2+ 40. Ka1 Kf4 41. Rf6+ Kg5 42. Rf8 Kg4 43. Rg8+ Kf3 44.
Rf8+ Kg4 45. Be6+ Kh4 46. Rf4+ Kg5 47. Rg4+ Kf6 48. Bc4 1-0

[Event "*** SCC Grand Prix: Titled Tuesday Blitz"]
[Site "Chess.com"]
[Date "2020.06.09"]
[Round "8"]
[White "monstertube"]
[Black "Ariadna_Atreides"]
[Result "0-1"]
[WhiteElo "2159"]
[BlackElo "1965"]
[TimeControl "180+1"]
[EndTime "10:36:44 PDT"]
[Termination "Ariadna_Atreides won on time"]

1. d4 Nf6 2. Nf3 d5 3. e3 e6 4. c4 Bd6 5. Nc3 O-O 6. Bd3 b6 7. O-O Bb7 8. cxd5 exd5 9. b3 a6 10. Bb2 Nbd7 11. Rc1 Re8 12. a3 Ne4 13. b4 f5 14. Nd2 Ndf6 15. f3 Nxc3 16. Rxc3 f4 17. exf4 Bxf4 18. Re1 Be3+ 19. Kh1 Bxd4 20. Rc2 Bxb2 21.
Rxb2 Rxe1+ 22. Qxe1 Qe8 23. Qd1 Qe3 24. Nf1 Qe5 25.
Re2 Qd6 26. Rd2 Re8 27. Ng3 c5 28. bxc5 bxc5 29. Nf5 Qe6 30. Re2 Qd7 31. h3 Rxe2 32.
Qxe2 c4 33. Bc2 Nh5 34. Qd2 g6 35. Nh6+ Kg7 36. Ng4 Ng3+ 37. Kg1 Nf5 38. Ne5 Qe6 39. f4 Qb6+ 40. Kh2 Qe3 41. Qxe3 Nxe3 42. Ba4 d4 43. Kg3 d3 44. Kf2 Nf5 45. Nxc4 Bd5 46. Ne5 d2 47.
Ke2 Bxg2 48. h4 Ne3 49. Kxd2 Nd5 50. Bb3 Nxf4 51. Nd3 Nxd3 52. Kxd3 h6 53. Ke3 g5 54. hxg5 hxg5 55. Bc4 a5 0-1

[Event "*** SCC Grand Prix: Titled Tuesday Blitz"]
[Site "Chess.com"]
[Date "2020.06.09"]
[Round "8"]
[White "imdvb6307"]
[Black "2008king"]
[Result "1-0"]
[WhiteElo "2402"]
[BlackElo "2190"]
[TimeControl "180+1"]
[EndTime "10:36:46 PDT"]
[Termination "imdvb6307 won by checkmate"]

1. c4 e5 2. Nc3 Nf6 3. Nf3 Nc6 4. e3 d6 5. d4 e4 6. Nd2 Bf5 7. Nb3 a5 8. Be2 Be7 9. d5 Ne5 10. Nd4 Bg6 11. g4 Nfd7 12. Nf5 Bxf5 13. gxf5 Nc5 14.
O-O Bh4 15. f4 Ned7 16. Kh1 Bf6 17. Bd2 Qe7 18. Rb1 Nd3 19. Nb5 N7c5 20. Bc3 Bxc3 21. bxc3 c6 22. Nd4 cxd5 23. cxd5 O-O 24. Qd2 a4 25.
Rg1 Qf6 26. Rbf1 Rfe8 27. Rg2 Kh8 28. Rfg1 Rg8 29. Bd1 a3 30. Qe2 Ra4 31. Bxa4 Nxa4 32. Qc2 Nac5 33. Rg5 h6 34. R5g4 Qe7 35. Kg2 Qf6 36.
h3 h5 37. Rg5 g6 38. Kh2 b6 39. Qd1 Kg7 40. Rxh5 Kf8 41. fxg6 fxg6 42. Rhg5 Nf2 43.
Qe2 Ncd3 44. f5 Ke7 45. Rxg6 Qe5+ 46. R1g3 Rxg6 47. fxg6 Kf8 48. g7+ Kg8 49. Qf1 Ng4+ 50. hxg4 Kxg7 51. Qf5 Qxf5 52. gxf5+ Kf6 53. Rg6+ Ke5 54. f6 Kxd5 55. f7 Ne5 56. f8=Q Nxg6 57. Qf7+ Kc5 58. Qxg6 d5 59. Qf5 Kc4 60. Qe6 Kd3 61.
Qxb6 Kxe3 62. Ne6+ Kd3 63. Qd4+ Kc2 64. Qxd5 Kb2 65.
Qb3+ Ka1 66. c4 e3 67. Qc2 e2 68. Qc1+ Kxa2 69. Nd4 e1=Q 70. Qc2+ Ka1 71. Nb3# 1-0

[Event "*** SCC Grand Prix: Titled Tuesday Blitz"]
[Site "Chess.com"]
[Date "2020.06.09"]
[Round "8"]
[White "vugarrasulov"]
[Black "Hikaru"]
[Result "1-0"]
[WhiteElo "2819"]
[BlackElo "3208"]
[TimeControl "180+1"]
[EndTime "10:36:47 PDT"]
[Termination "vugarrasulov won by resignation"]

1. d4 g6 2. c4 Bg7 3. Nc3 c5 4. Nf3 Nc6 5. e3 Nf6 6. d5 Na5 7. e4 d6 8. h3 O-O 9. Be2 a6 10. O-O b5 11. cxb5 axb5 12. Bxb5 Ba6 13. Bxa6 Rxa6 14. Re1 Nd7 15. Bg5 h6 16. Bf4 Rb6 17. Qc2 Qb8 18. Rab1 Rb4 19. Nd2 c4 20. Be3 Rc8 21. Nf3 Qb7 22. a3 Rb3 23. Nd4 Rb6 24.
Nc6 Rbxc6 25. dxc6 Nxc6 26. Qd2 h5 27. f4 Rb8 28. Kh2 Qc8 29. Nd5 e6 30. Nc3 Bf8 31. f5 Nde5 32. Rf1 Nd3 33. Bh6 Be7 34. f6 Bf8 35. b4 Ra8 36. Nb5 d5 37. Bxf8 Qxf8 38.
exd5 exd5 39. Nc7 Rxa3 40. b5 Ncb4 41. b6 c3 42. Qe2 c2 43. Ra1 Rxa1 44. Rxa1 c1=Q 45.
Rxc1 Nxc1 46. Qe7 Nc6 47. Qd7 Nb8 48. Qxd5 Ne2 49. Qe5 Nc1 50. Nd5 Nd3 51. Ne7+ Kh7 52. Qd6 Nb2 53. b7 Nc4 54. Qc7 Ne3 55. Qc8 Qh8 56.
Qc3 Nf5 57. Nxf5 gxf5 58. Qg3 Nd7 59. Qg5 Qb8+ 60. Kh1 Nxf6 61. Qxf5+ Kg8 62. Qc8+ 1-0

[Event "*** SCC Grand Prix: Titled Tuesday Blitz"]
[Site "Chess.com"]
[Date "2020.06.09"]
[Round "8"]
[White "Alex_Banzea"]
[Black "carlesdc96"]
[Result "0-1"]
[WhiteElo "2465"]
[BlackElo "2748"]
[TimeControl "180+1"]
[EndTime "10:36:47 PDT"]
[Termination "carlesdc96 won by resignation"]

1. e4 e6 2. d4 d5 3. Nc3 Bb4 4. exd5 exd5 5. Bd3 Nc6 6. a3 Bxc3+ 7. bxc3 Nge7 8.
Nf3 Bf5 9. O-O Qd7 10. a4 b6 11.
Re1 O-O 12. Bb5 Qc8 13. Ba3 a6 14. Bxc6 Nxc6 15. Bxf8 Qxf8 16. Ne5 Na5 17. Nd3 Nc4 18. Qf3 Be4 19. Qf4 Qd8 20. f3 Bg6 21. Re2 Qd7 22. Rae1 h6 23. Ne5 Nxe5 24. Qxe5 Kh7 25. Qe7 Qc6 26. Qb4 Rd8 27. Re7 Kg8 28. a5 Bxc2 29. axb6 cxb6 30. Ra7 a5 31. Qe7 Rf8 32. Rc7 Qa8 33.
Ra7 Qc6 34. Rb7 g5 35. Qc7 Qxc7 36. Rxc7 Bb3 37. Rb7 a4 38. Rxb6 Rc8 39. Rc1 Re8 40. Ra6 Kg7 41. Kf2 Bc4 42. Rxa4 Re2+ 43. Kg3 Rd2 44.
Ra7 Kg6 45. Re1 h5 46. h3 h4+ 47. Kh2 Be2 48. Re7 Bd3 49. R7e5 Bc4 50. R1e3 Bf1 51. Kg1 Bxg2 52. Re2 Rxe2 53. Rxe2 Bxf3 54. Re5 f6 55. Re6 Kf5 56. Rc6 Kf4 57. Kf2 f5 58. Rc8 g4 59.
hxg4 fxg4 60. Rf8+ Ke4 61. Rh8 h3 62. Re8+ Kd3 63. Rc8 h2 64. Rh8 h1=Q 65. Rxh1 Bxh1 66. Kg3 Bf3 0-1

[Event "*** SCC Grand Prix: Titled Tuesday Blitz"]
[Site "Chess.com"]
[Date "2020.06.09"]
[Round "8"]
[White "PlayChessSimple"]
[Black "Chess_Boxer123"]
[Result "1-0"]
[WhiteElo "2520"]
[BlackElo "2700"]
[TimeControl "180+1"]
[EndTime "10:36:47 PDT"]
[Termination "PlayChessSimple won by resignation"]

1. e4 c5 2. Nf3 Nc6 3. c3 Nf6 4. e5 Nd5 5. Bc4 Nb6 6. Bb3 d5 7. exd6 Qxd6 8. Na3 Be6 9. d4 cxd4 10. O-O Bxb3 11. axb3 dxc3 12. Qxd6 exd6 13. bxc3 h6 14.
Nb5 Kd7 15. Be3 Nd5 16. Rfd1 Nxe3 17. fxe3 a6 18. Rd5 Rd8 19. Nbd4 Be7 20. Rd1 Bf6 21.
Nf5 Kc7 22. c4 Ne7 23. Nxe7 Bxe7 24. Nd4 g6 25. Rf1 Rhf8 26. e4 Bg5 27. Kf2 Rde8 28. Kf3 Re5 29. g3 Rfe8 30. Re1 Rxd5 31. cxd5 Bf6 32.
Nc2 Kb6 33. Ne3 Kb5 34. Rc1 Re7 35. Nc4 Rd7 36. e5 Bxe5 37. Nxe5 dxe5 38. Ke4 f6 39. Rc8 Rd6 40. Rc7 b6 41. h4 a5 42. g4 a4 43. bxa4+ Kxa4 44. Rc6 Rd8 45. Rxb6 Rf8 46. g5 Ka5 47. Rxf6 Rh8 48. Rxg6 hxg5 49. hxg5 Kb5 50.
Kxe5 Kc5 51. Rc6+ Kb5 52. g6 Rg8 53. Kf6 Rd8 54. g7 Rxd5 55. Rc8 Rd6+ 56. Ke7 Rc6 57. Rxc6 1-0

[Event "*** SCC Grand Prix: Titled Tuesday Blitz"]
[Site "Chess.com"]
[Date "2020.06.09"]
[Round "8"]
[White "LuckSlayeer"]
[Black "gross-aleks"]
[Result "1/2-1/2"]
[WhiteElo "2465"]
[BlackElo "2589"]
[TimeControl "180+1"]
[EndTime "10:36:47 PDT"]
[Termination "Game drawn by repetition"]

1. e4 c5 2. Nf3 e6 3. d4 cxd4 4. Nxd4 a6 5. Nc3 Qc7 6. Bd3 b5 7. O-O Bb7 8. Qe2 Bc5 9. Nb3 Bd6 10.
f4 Nc6 11. Qg4 g6 12. Be3 Nf6 13. Qh4 Be7 14. Qh3 Nb4 15. Bd4 O-O 16. f5 Nxd3 17. cxd3 exf5 18. exf5 Qd6 19. Bc5 Qe5 20. Bd4 Qd6 21.
Rae1 Rac8 22. Ne4 Nxe4 23. dxe4 Rc4 24. f6 Rxd4 25. fxe7 Re8 26. Nxd4 Qxd4+ 27. Qe3 Qe5 28. Qf2 Rxe7 29. Re3 Bxe4 30. Rfe1 d5 31. Qd2 Rc7 32. Qb4 f5 33. R3e2 Rc4 34. Qa5 Qd4+ 35. Kh1 Kg7 36.
Qd8 Qf6 37. Qd7+ Qf7 38. Qd6 Rc7 39. Qxa6 b4 40. Qb5 Rb7 41. Qc5 Qc7 42. Qd4+ Kf7 43. a3 Qc4 44. Qxc4 dxc4 45. axb4 Rxb4 46. Kg1 Ke6 47. Kf2 Ke5 48. h3 h5 49. g4 h4 50.
gxf5 gxf5 51. Rd2 Rb3 52. Rc1 Rxh3 53. Rxc4 Kf4 54. Rc7 Rh2+ 55. Ke1 Rh1+ 56. Kf2 h3 57. Rh7 Rh2+ 58. Ke1 Rh1+ 59. Kf2 Kg4 60. Rg7+ Kf4 61. Rh7 1/2-1/2

[Event "*** SCC Grand Prix: Titled Tuesday Blitz"]
[Site "Chess.com"]
[Date "2020.06.09"]
[Round "8"]
[White "Alexey_Spirin"]
[Black "anon569"]
[Result "0-1"]
[WhiteElo "2050"]
[BlackElo "2296"]
[TimeControl "180+1"]
[EndTime "10:36:48 PDT"]
[Termination "anon569 won on time"]

1. e4 c5 2. Nf3 d6 3. Bb5+ Bd7 4. Bxd7+ Qxd7 5. O-O g6 6. c3 Bg7 7. d4 cxd4 8. cxd4 Nf6 9. Nc3 O-O 10. Qe2 Nc6 11. Rd1 d5 12. e5 Ne8 13. h3 Nc7 14. Be3 f6 15. exf6 Bxf6 16. Qd2 Ne6 17. Re1 Rac8 18.
Rad1 Bg7 19. Ne5 Bxe5 20. dxe5 d4 21. Bh6 Rf7 22. Ne4 Nxe5 23. Ng5 Nc4 24. Qb4 Nxg5 25.
Bxg5 e5 26. Qb3 Qf5 27. Bh4 Nd6 28. f3 Re8 29. Qd5 Nc8 30. Bg3 Nb6 31. Qb5 Rfe7 32.
Bh4 Re6 33. Re4 a6 34. Qb3 Kg7 35. Rc1 g5 36. Be1 Kg6 37. Rc7 Qf6 38. Qc2 R6e7 39. Rxe5+ Kg7 40. Rcxe7+ Rxe7 41. Rxe7+ Qxe7 42. Bf2 Qe5 43. Qd3 Kh6 44. Qxd4 Qxd4 45. Bxd4 Nd5 46. a3 Kg6 47.
Kf2 Kf5 48. g3 h5 49. Ke2 b5 50. Kd3 h4 0-1

[Event "*** SCC Grand Prix: Titled Tuesday Blitz"]
[Site "Chess.com"]
[Date "2020.06.09"]
[Round "8"]
[White "fridaywins"]
[Black "gm_rashid"]
[Result "1-0"]
[WhiteElo "2223"]
[BlackElo "2327"]
[TimeControl "180+1"]
[EndTime "10:36:52 PDT"]
[Termination "fridaywins won by resignation"]

1. e4 e5 2. Nf3 Nc6 3. Bb5 a6 4. Ba4 Nf6 5. O-O Be7 6. Re1 b5 7.
Bb3 d6 8. c3 Bg4 9. a4 b4 10. h3 Bxf3 11. Qxf3 Na5 12. Bc2 b3 13. Bd1 c5 14. d4 O-O 15. dxe5 dxe5 16. c4 Rb8 17.
Bg5 Nc6 18. Nc3 Nd4 19. Qg3 Kh8 20. Qxe5 Bd6 21. Bxf6 Bxe5 22. Bxd8 Rfxd8 23. Nd5 Nc2 24. Bxc2 bxc2 25. Rac1 Rxb2 26. Re2 Ra2 27. g3 Rxa4 28.
Rcxc2 Rb8 29. Kg2 Ra1 30. Ra2 Rbb1 31. h4 a5 32. f4 Bd4 33. Kf3 a4 34. e5 a3 35. Ke4 Rxa2 36. Rxa2 Ra1 37. Rxa1 Bxa1 38. Ne3 a2 39. Nc2 Bd4 40. Kd5 Kg8 41. g4 Kf8 42. f5 Ke7 43. h5 h6 44. Ke4 a1=Q 45. Nxa1 Bxa1 46. Kd5 Bd4 47. Ke4 Kd7 48. Kd5 Bg1 49.
Ke4 Bf2 50. Kf4 Be1 51. Ke4 Bf2 52. Kd5 Bd4 53. Ke4 f6 54. e6+ Kd6 55. Kf4 Bc3 56.
Ke4 Bd2 57. Kd3 Be1 58. Ke4 Ba5 59. Kf3 Bd8 60. Kf4 Be7 61. Ke4 Kc6 62. Kf4 Bd6+ 63. Ke4 Be5 64. Ke3 Kd6 65. Ke4 Bc3 66. Kf4 Bd2+ 67.
Ke4 Ba5 68. Kf4 Bd8 69. Ke4 Be7 70. Kf4 Kc6 71. Ke4 Kd6 72. Kf4 1-0

[Event "*** SCC Grand Prix: Titled Tuesday Blitz"]
[Site "Chess.com"]
[Date "2020.06.09"]
[Round "8"]
[White "LiemLe"]
[Black "KuzubovYuriy"]
[Result "0-1"]
[WhiteElo "2903"]
[BlackElo "2787"]
[TimeControl "180+1"]
[EndTime "10:36:53 PDT"]
[Termination "KuzubovYuriy won by resignation"]

1. c4 e5 2. g3 Nc6 3. Nc3 Bc5 4. Bg2 d6 5. a3 a6 6. e3 Nge7 7. Nge2 h5 8. h3 Ba7 9. b4 Bf5 10. d3 Rb8 11. Bb2 Qd7 12. Qd2 b5 13. Rc1 O-O 14. Nd5 Bg6 15. O-O Nxd5 16. cxd5 Ne7 17. Kh2 Rbe8 18.
e4 c6 19. dxc6 Nxc6 20. f4 f6 21. d4 exd4 22. e5 d5 23. exf6 Rxf6 24. Nxd4 Nxd4 25.
Bxd4 Bxd4 26. Qxd4 Be4 27. Rcd1 Bxg2 28. Kxg2 Rd6 29.
Rfe1 Rxe1 30. Rxe1 Re6 31. Rd1 Re2+ 32. Kf3 Qe6 33. Qxd5 Re3+ 34. Kf2 Qxd5 35. Rxd5 Rxa3 36. Rd6 Rb3 37. Rxa6 Rxb4 38. Rb6 h4 39. f5 Rb2+ 40. Kg1 hxg3 41. Rg6 Kf7 42. Rxg3 Rc2 43. Rd3 Rc5 44. Rd7+ Kf6 45. Rb7 Rxf5 46. Kg2 g5 47. Kg3 Ke6 48. Kg4 Rc5 49. Rb6+ Kd7 50. Rf6 Kc7 51. Rf7+ Kb6 52.
Kf3 b4 53. Ke2 Rd5 54. Rf8 Kb5 55. Rb8+ Kc4 56. Rc8+ Kb3 57. Kf3 Ka2 58. Ra8+ Kb2 59. Rb8 b3 60. Ke4 Ra5 61. Kd3 Ka2 62. Kc3 Rc5+ 63.
Kd4 Rc7 64. Ra8+ Kb1 65. Ra5 Rh7 66. Rxg5 Rxh3 67. Rg1+ Ka2 68. Rg2+ b2 0-1

[Event "*** SCC Grand Prix: Titled Tuesday Blitz"]
[Site "Chess.com"]
[Date "2020.06.09"]
[Round "8"]
[White "j_coca"]
[Black "MathiasWomacka"]
[Result "1-0"]
[WhiteElo "2225"]
[BlackElo "2388"]
[TimeControl "180+1"]
[EndTime "10:36:54 PDT"]
[Termination "j_coca won on time"]

1. f4 c5 2. Nf3 g6 3. e3 Bg7 4. d4 Nf6 5. c3 O-O 6. Bd3 d6 7. e4 cxd4 8. cxd4 e5 9. fxe5 dxe5 10.
d5 Ne8 11. Nc3 Nd6 12. O-O f5 13. Bg5 Bf6 14. Bh6 Re8 15. Qe2 Nd7 16. Rad1 Nc5 17.
Bc2 fxe4 18. Nxe4 Ncxe4 19. Bxe4 Nxe4 20. Qxe4 Bf5 21. Qb4 Qb6+ 22. Qxb6 axb6 23. a3 Rad8 24. h3 e4 25. Ng5 e3 26. Rfe1 Bxb2 27. Nf3 e2 28.
Rd2 Bc3 29. Rexe2 Bxd2 30. Rxe8+ Rxe8 31. Bxd2 Be4 32. d6 Bxf3 33. gxf3 Kf7 34. Kf2 Re5 35.
Bb4 Ke6 36. Kg3 b5 37. Kg4 h5+ 38. Kh4 Kf5 39. Kg3 Rd5 40. h4 g5 41. hxg5 Kxg5 42.
f4+ Kf5 43. Kf3 Rd3+ 44. Ke2 Ke4 45. f5 Re3+ 46. Kd2 Rf3 47. f6 Rxf6 48. d7 Rf5 49.
d8=Q Rd5+ 50. Qxd5+ Kxd5 51. Ke3 b6 52. Kf3 Kc6 53.
Kg3 Kb7 54. Kh4 Kc6 55. Kxh5 Kd5 56. Kg6 Kc6 57. Kf6 Kd7 58. Ke5 Kc6 59. Ke6 Kc7 60. Ke7 Kc8 61. Kd6 Kb7 62. Kd7 Kb8 63. Kc6 Ka7 64. Kxb5 Kb7 65. Bd6 Ka7 66. a4 1-0

[Event "*** SCC Grand Prix: Titled Tuesday Blitz"]
[Site "Chess.com"]
[Date "2020.06.09"]
[Round "8"]
[White "GMKrikor"]
[Black "Harry_Rakkel"]
[Result "1-0"]
[WhiteElo "2720"]
[BlackElo "2507"]
[TimeControl "180+1"]
[EndTime "10:36:56 PDT"]
[Termination "GMKrikor won on time"]

1. e4 c5 2. Nf3 d6 3. d4 cxd4 4. Nxd4 Nf6 5. Nc3 a6 6. Be3 e5 7.
Nb3 Be7 8. f3 Be6 9. Qd2 O-O 10.
O-O-O Nbd7 11. g4 Qc7 12. g5 Nh5 13. Kb1 g6 14. Rg1 b5 15. Nd5 Bxd5 16. exd5 Nb6 17. Na5 Nxd5 18. Qxd5 Qxa5 19. Bd3 Rab8 20. Rg4 Qc7 21.
h4 Rfc8 22. f4 exf4 23. Bxf4 Qd7 24. Qf3 Bf8 25. Bc1 Bg7 26. Be4 Rc7 27. Bd5 Re8 28. Re4 Re5 29. Rxe5 Bxe5 30. Bb3 a5 31. a3 Ng3 32.
Qa8+ Kg7 33. Qxa5 Ne2 34. Be3 Qc6 35. Qd2 Qf3 36. Re1 Ng3 37. Qd5 Qg4 38. Bb6 Re7 39.
Bd8 Re6 40. Qb7 Nh5 41. Bxe6 Qxe6 42. Qxb5 Qc8 43. Rxe5 Qxd8 44. Re1 h6 45. a4 hxg5 46. hxg5 Nf4 47. a5 d5 48. a6 Qc7 49. Rd1 Qe7 50. Qb3 Qe2 51. Rc1 Qxa6 52. Qe3 Ne6 53. Qe5+ Kg8 54.
Qxd5 Qc8 55. Qe5 Qd8 56. Rh1 Ng7 57. Re1 Ne6 58. Rh1 Ng7 59. b3 Qa8 60. Re1 Ne6 61. Qf6 Qc6 62. Rxe6 fxe6 63. Qxg6+ Kf8 64. Qf6+ Ke8 65.
g6 Qh1+ 66. Kb2 1-0

[Event "*** SCC Grand Prix: Titled Tuesday Blitz"]
[Site "Chess.com"]
[Date "2020.06.09"]
[Round "8"]
[White "ShahMatKanal"]
[Black "ChronicUnhappiness"]
[Result "1/2-1/2"]
[WhiteElo "2462"]
[BlackElo "2324"]
[TimeControl "180+1"]
[EndTime "10:36:56 PDT"]
[Termination "Game drawn by repetition"]

1. d4 d5 2. c4 e6 3. cxd5 exd5 4.
Nc3 Nf6 5. Bg5 c6 6. e3 Bf5 7. Qf3 Bg6 8. Bxf6 Qxf6 9. Qxf6 gxf6 10. Kd2 Nd7 11. Bd3 Bd6 12. Nge2 a5 13. Ng3 Nb6 14.
Rab1 Nc4+ 15. Kc2 a4 16. Nf5 Bxf5 17. Bxf5 O-O 18. h4 Rfd8 19. h5 h6 20. Rh4 b5 21.
Re1 b4 22. Nb1 b3+ 23. axb3 axb3+ 24. Kc1 Ra2 25. Nd2 Nxd2 26. Kxd2 Rxb2+ 27. Kc3 Rxf2 28. Rg4+ Kh8 29. Bb1 Rb8 30. Rd1 b2 31. e4 Rf4 32.
Rxf4 Bxf4 33. Rf1 Bg5 34. Rf2 dxe4 35. Rxb2 Rxb2 36. Kxb2 f5 37. Kc3 Kg7 38. Bc2 Be3 39. Kc4 Kf6 40. Ba4 Kg5 41. Bxc6 Kxh5 42. d5 Kg4 43.
Bd7 h5 44. d6 h4 45. Kd5 Bf4 46. Bb5 Kg3 47. d7 Bg5 48. Ke5 Kxg2 49. Kxf5 Bd8 50. Kxe4 h3 51. Kf4 h2 52. Bc6+ Kg1 53. Kg3 h1=Q 54.
Bxh1 Kxh1 55. Kh3 Bc7 56. Kg4 Bd8 57. Kh3 Kg1 58. Kg3 Kf1 59. Kf3 Ke1 60. Ke3 Kd1 61.
Kd3 Bg5 62. Ke4 Ke2 63. Kf5 Bd8 64. Ke4 Kf2 65. Kf4 Ke2 66. Ke4 Bg5 67. Kf5 Bd8 68.
Ke4 1/2-1/2

[Event "*** SCC Grand Prix: Titled Tuesday Blitz"]
[Site "Chess.com"]
[Date "2020.06.09"]
[Round "8"]
[White "Nyzhnyk_Illia"]
[Black "giantslayer83"]
[Result "1/2-1/2"]
[WhiteElo "2899"]
[BlackElo "2751"]
[TimeControl "180+1"]
[EndTime "10:36:58 PDT"]
[Termination "Game drawn by repetition"]

1. Nf3 d5 2. d4 Nf6 3. Bf4 c5 4. e3 e6 5. c3 Bd6 6. Bb5+ Nc6 7. Bxd6 Qxd6 8. Ne5 O-O 9. f4 Ne7 10. g4 Ne4 11. Bd3 f6 12. Nf3 b6 13. Nbd2 Bb7 14. Qc2 Nxd2 15. Bxh7+ Kh8 16. Kxd2 f5 17. Ng5 cxd4 18.
cxd4 Qb4+ 19. Qc3 Qxc3+ 20. Kxc3 Rf6 21. Kd2 Rh6 22. Rac1 Bc6 23. gxf5 Rxh7 24. Nxh7 Kxh7 25. fxe6 Kg6 26. h4 Kf6 27. h5 Rh8 28. Rcg1 Rh7 29.
Rg5 Kxe6 30. Rhg1 Kf6 31. Rg6+ Kf7 32. R1g5 Bd7 33. Rd6 Be6 34. a4 Rh8 35. b4 Rc8 36. Rxg7+ Kxg7 37. Rxe6 Kf7 38. Rd6 Rh8 39. h6 Rc8 40. a5 bxa5 41. bxa5 Rc6 42. Rd7 a6 43. h7 Rh6 44. Ra7 Rxh7 45. Rxa6 Rh2+ 46. Kc3 Re2 47. Kd3 Ra2 48. Ra8 Ra3+ 49. Kd2 Nc6 50. a6 Ke6 51.
Ke2 Kd7 52. Kf2 Nb4 53. a7 Nc6 54. Kf3 Nxd4+ 55. Kg4 Nc6 56. f5 Rxa7 57. Rxa7+ Nxa7 58. e4 d4 59. e5 d3 60. Kf3 Nc6 61. e6+ Kd6 62.
Ke3 Ne5 63. Kd2 Ke7 64. Ke3 Kf6 65. Kd2 Ke7 66. Ke3 Kd6 67. Kd2 Ke7 1/2-1/2